Map: Orbital Shipyard

Players

LilDicky

  • Race: Terran Terran
  • League: Diamond

SchAmToo - Winner!

  • Race: Terran Terran
  • League: Diamond

VOD

http://www.twitch.tv/tumescentpie

Description

Time

  • Played on: Nov. 28, 2015, 9:51 p.m.
  • Length: 4:17
Show
View Real Time Build Order
Export as new Build Order

LilDicky Terran 

Build Orders:  

Get SALT Encoding   

  12  0:01  SCV  
  13  0:13  SCV  
  14  0:24  Supply Depot  
  14  0:30  SCV  
  14  0:32  Refinery  
  15  0:49  SCV  
  16  0:51  Barracks  
  16  1:01  SCV  
  17  1:13  SCV  
  18  1:25  SCV  
  20  1:40  Factory, Marine  
  20  1:44  Supply Depot, Orbital Command  
  20  2:02  Marine  
  21  2:10  Barracks  
  21  2:11  SCV  
  22  2:16  Barracks  
  22  2:20  Barracks Reactor  
  22  2:25  Refinery  
  22  2:28  SCV  
  23  2:42  SCV  
  24  2:52  Widow Mine  
  26  3:04  SCV  
  27  3:06  Barracks Tech Lab x2  
  27  3:16  SCV  
  29  3:28  SCV  
  29  3:31  Marine  
  31  3:38  Marine x3  
  31  3:41  Starport  
Show
View Real Time Build Order
Export as new Build Order

SchAmToo Terran - Winner!

Build Orders:  

Get SALT Encoding   

  12  0:02  SCV  
  13  0:14  SCV  
  13  0:20  Supply Depot  
  14  0:29  SCV  
  15  0:41  SCV  
  16  0:43  Barracks  
  16  0:46  Refinery  
  16  0:53  SCV  
  17  1:09  SCV  
  18  1:21  SCV  
  19  1:30  Barracks Tech Lab  
  19  1:33  Orbital Command  
  19  1:42  Command Center  
  19  1:50  Marauder  
  19  1:51  Concussive Shells  
  21  1:56  Refinery  
  21  2:00  SCV  
  22  2:16  SCV, Supply Depot  
  23  2:35  Factory  
  23  2:38  SCV, Marauder  
  26  2:50  SCV  
  27  3:06  SCV  
  28  3:13  Marauder  
  28  3:18  Command Center  
  30  3:21  Widow Mine  
  32  3:31  SCV  
  32  3:32  Orbital Command  
  32  3:40  Marauder  
  34  3:42  Supply Depot  
  34  3:43  SCV  
Tags
 
Add a new tag
Caveats
  • Supply blocks, unpowered buildings, or Contaminate may cause inaccurate times.
  • Supply counts are checked every 10 seconds.